[Event "Titled Tuesday Blitz November 15 Early 2022"]
[White "Atakishiyev, Elmar"]
[Black "Svane, Frederik"]
[WhiteFideId "13410547"]
[BlackFideId "12923044"]
[WhiteElo "2194"]
[BlackElo "2466"]
[Result "0-1"]
[Round "06"]
[TimeControl "180+1"]
[Date "2022.11.16"]
[WhiteClock "0:00:02"]
[BlackClock "0:00:28"]

1. d4 d5 2. c4 e6 3. Nf3 Nf6 4. g3 Bb4+ 5. Bd2 Be7 6. Bg2 O-O 7. O-O c6 8. Qc2 b6 9. Bf4 Nbd7 10. cxd5 cxd5 11. Rc1 Bb7 12. Nc3 Nh5 13. Qb3 Nxf4 14. gxf4 a6 15. a4 Nb8 16. Ne5 f6 17. Nd3 Nc6 18. e3 Na5 19. Qd1 g6 20. Qe2 Qd7 21. Rc2 Rac8 22. h4 h5 23. Bh3 Kf7 24. Kh1 Nc4 25. Rg1 Nd6 26. f3 Rg8 27. Qe1 a5 28. Rcg2 Ba6 29. Nc1 f5 30. Rh2 Bf6 31. Bf1 Bxf1 32. Qxf1 Nc4 33. Qe2 Qe7 34. Nd3 Kg7 35. Nb5 Kh7 36. Ne5 Rg7 37. b3 Nd6 38. Nxd6 Qxd6 39. Rhg2 Bxe5 40. fxe5 Qe7 41. Rg5 Rc3 42. Rb1 Qb4 43. Rbg1 Rxb3 44. Qg2 Qe7 0-1


[Site "https://www.chess.com"]

[Event "Titled Tuesday Blitz November 15 Early 2022"]
[White "Aumann, Welf"]
[Black "Orlov, Georgi"]
[WhiteFideId "4634071"]
[BlackFideId "2011271"]
[WhiteElo "2274"]
[BlackElo "2540"]
[Result "0-1"]
[Round "06"]
[TimeControl "180+1"]
[Date "2022.11.16"]
[WhiteClock "0:00:17"]
[BlackClock "0:01:05"]

1. c4 Nf6 2. g3 e5 3. Bg2 d5 4. cxd5 Nxd5 5. Nc3 Nb6 6. d3 Be7 7. Nf3 Nc6 8. O-O O-O 9. Be3 Be6 10. Rc1 f5 11. a3 Kh8 12. Na4 Nd5 13. Rxc6 bxc6 14. Nxe5 Nxe3 15. fxe3 Bg5 16. Qc1 Qd6 17. Nxc6 Rae8 18. Kh1 Bd7 19. Qc4 Bxe3 20. Nc3 f4 21. gxf4 Rxf4 22. Rxf4 Bxf4 23. Nd4 c5 24. Nf3 Bc6 25. Ne4 Bxe4 26. dxe4 Qd1+ 27. Ng1 Be3 0-1


[Site "https://www.chess.com"]

[Event "Titled Tuesday Blitz November 15 Early 2022"]
[White "Avazkhonov, Alikhon"]
[Black "Matinian, Nikita"]
[WhiteFideId "14208504"]
[BlackFideId "24129100"]
[WhiteElo "1739"]
[BlackElo "2422"]
[Result "0-1"]
[Round "06"]
[TimeControl "180+1"]
[Date "2022.11.16"]
[WhiteClock "0:00:02"]
[BlackClock "0:00:43"]

1. d4 d6 2. e4 g6 3. Nc3 Bg7 4. Be3 a6 5. Qd2 b5 6. O-O-O Nf6 7. f3 Bb7 8. h4 h5 9. Nh3 Nbd7 10. Ng5 b4 11. Ne2 c5 12. Kb1 Rc8 13. g3 a5 14. dxc5 Nxc5 15. e5 Nd5 16. Bh3 Bxe5 17. Bxc8 Qxc8 18. Bd4 f6 19. Bxe5 dxe5 20. Ne4 Nxe4 21. fxe4 Nb6 22. Qd3 Ba6 23. Qe3 Nc4 24. Qf3 Kf7 25. Nc1 a4 26. Nd3 a3 27. Nxb4 Nxb2 28. Rd5 Bc4 29. Qxa3 Bxd5 30. Nxd5 Re8 31. Qxb2 Qg4 32. Qb3 Kg7 33. Re1 Qd7 34. c4 Qa7 35. Kc2 Rb8 36. Qe3 Qxa2+ 37. Kd3 Rb3+ 38. Nc3 Qa5 39. Rc1 Rb2 40. c5 Qa6+ 0-1


[Site "https://www.chess.com"]

[Event "Titled Tuesday Blitz November 15 Early 2022"]
[White "Averjanov, Alexey"]
[Black "Bacrot, Etienne"]
[WhiteFideId "14109867"]
[BlackFideId "605506"]
[WhiteElo "2630"]
[BlackElo "2666"]
[Result "0-1"]
[Round "06"]
[TimeControl "180+1"]
[Date "2022.11.16"]
[WhiteClock "0:01:28"]
[BlackClock "0:00:46"]

1. d4 Nf6 2. c4 c6 3. e3 d5 4. Bd3 Bg4 5. Qc2 e6 6. Nd2 Bd6 7. Ngf3 Nbd7 8. b3 O-O 9. Bb2 Bh5 10. Ne5 Bg6 11. Nxg6 hxg6 12. O-O e5 13. dxe5 Bxe5 14. Nf3 Bxb2 15. Qxb2 Qe7 16. Rad1 Rfd8 17. cxd5 Nxd5 18. a3 Nc5 19. Bc4 Nb6 20. Be2 Ne4 21. h3 Nd5 22. Bc4 Ndc3 23. Rxd8+ Rxd8 24. Rc1 b5 25. Be2 Rd2 26. Nxd2 Nxe2+ 27. Kf1 Nxc1 28. Nxe4 Qxe4 29. Qxc1 Qd3+ 30. Kg1 Qxb3 31. Qxc6 Kh7 32. Qc5 a5 33. Qe7 f6 34. e4 b4 35. axb4 Qxb4 36. Qe6 a4 37. e5 Qe1+ 38. Kh2 Qxe5+ 0-1


[Site "https://www.chess.com"]

[Event "Titled Tuesday Blitz November 15 Early 2022"]
[White "Baches Garcia, Guillermo"]
[Black "Fabris, Alberto"]
[WhiteFideId "2209764"]
[BlackFideId "801348"]
[WhiteElo "2436"]
[BlackElo "2065"]
[Result "1/2-1/2"]
[Round "06"]
[TimeControl "180+1"]
[Date "2022.11.16"]
[WhiteClock "0:00:23"]
[BlackClock "0:01:00"]

1. e4 c6 2. d4 d5 3. e5 Bf5 4. Be3 e6 5. Nd2 Ne7 6. Be2 Bg6 7. f4 Nd7 8. Ngf3 Nf5 9. Bf2 c5 10. c3 cxd4 11. cxd4 Qb6 12. g4 Qxb2 13. gxf5 Bxf5 14. O-O Bb4 15. Bb5 a6 16. Bxd7+ Kxd7 17. Nb3 b6 18. Be1 Be7 19. Rf2 Qa3 20. Qc1 Rac8 21. Qxa3 Bxa3 22. Bd2 h6 23. Be3 Rc3 24. Re1 Rhc8 25. Rd2 1/2-1/2


[Site "https://www.chess.com"]

[Event "Titled Tuesday Blitz November 15 Early 2022"]
[White "Barbashin, Igor"]
[Black "Forgacs, Attila Jr."]
[WhiteFideId "4155718"]
[BlackFideId "773654"]
[WhiteElo "2138"]
[BlackElo "2168"]
[Result "0-1"]
[Round "06"]
[TimeControl "180+1"]
[Date "2022.11.16"]
[WhiteClock "0:00:06"]
[BlackClock "0:01:31"]

1. d4 Nf6 2. c4 g6 3. Nc3 d5 4. Nf3 Bg7 5. e3 O-O 6. Be2 b6 7. O-O c5 8. dxc5 bxc5 9. cxd5 Bb7 10. e4 Qc7 11. e5 Nfd7 12. d6 exd6 13. exd6 Qb6 14. Na4 Qc6 15. Bc4 Ne5 16. Be2 Rd8 17. Qb3 Rxd6 18. Bf4 Re6 19. Rfc1 Na6 20. Bxa6 Nxf3+ 21. Qxf3 Qxa6 22. Nxc5 Bxf3 23. Nxa6 Rxa6 24. gxf3 Bxb2 25. Rab1 Bxc1 26. Rxc1 Rxa2 27. Rc7 a5 28. Be5 a4 29. f4 a3 30. h4 h5 31. f5 gxf5 32. Kg2 Re2 33. Bf6 a2 34. Rc3 f4 35. Rc5 a1=Q 36. Bxa1 Rxa1 0-1


[Site "https://www.chess.com"]

[Event "Titled Tuesday Blitz November 15 Early 2022"]
[White "Barria Zuniga, Daniel"]
[Black "Donchenko, Alexander"]
[WhiteFideId "3400816"]
[BlackFideId "24603295"]
[WhiteElo "2414"]
[BlackElo "2572"]
[Result "0-1"]
[Round "06"]
[TimeControl "180+1"]
[Date "2022.11.16"]
[WhiteClock "0:00:08"]
[BlackClock "0:00:09"]

1. c4 Nf6 2. Nf3 e6 3. d4 b6 4. g3 Bb7 5. Bg2 Be7 6. Nc3 Ne4 7. Bd2 O-O 8. Qc2 Nxd2 9. Qxd2 d6 10. e4 Nd7 11. O-O e5 12. Rad1 Re8 13. Rfe1 Bf8 14. h3 g6 15. Kh2 Bg7 16. b3 a6 17. Nd5 Nf6 18. Qc2 c6 19. Nc3 Qe7 20. a3 b5 21. d5 cxd5 22. cxd5 Rec8 23. Qb2 Rc7 24. Rc1 Bh6 25. Nd2 Rac8 26. Na2 Bg5 27. Rxc7 Rxc7 28. Rc1 h5 29. Rc3 h4 30. Qc2 Rxc3 31. Qxc3 Qd8 32. Qd3 Nh5 33. Nf3 hxg3+ 34. fxg3 Be7 35. Qe3 Qc8 36. Nb4 Qc5 37. Qxc5 dxc5 38. Nc6 Bxc6 39. dxc6 Bd6 40. a4 c4 41. axb5 c3 42. Ne1 axb5 43. Bf1 b4 44. Nc2 Nf6 45. Nxb4 Nxe4 46. Nc2 Nd2 47. Be2 Nxb3 48. Kg2 Kf8 49. Kf2 Ke7 50. Ke3 Nd4 51. Kd3 Nxe2 52. Kxe2 e4 53. Ke3 f5 54. g4 Be5 55. gxf5 gxf5 56. h4 Kd6 57. h5 Kxc6 58. h6 Kd5 59. h7 f4+ 60. Ke2 Kc4 0-1


[Site "https://www.chess.com"]

[Event "Titled Tuesday Blitz November 15 Early 2022"]
[White "Besedes, Danilo"]
[Black "Goltsev, Dmitry"]
[WhiteFideId "946796"]
[BlackFideId "24176710"]
[WhiteElo "2352"]
[BlackElo "2289"]
[Result "1/2-1/2"]
[Round "06"]
[TimeControl "180+1"]
[Date "2022.11.16"]
[WhiteClock "0:00:12"]
[BlackClock "0:01:08"]

1. Nf3 d5 2. e3 c6 3. b3 Nf6 4. Ba3 Nbd7 5. d4 g6 6. Be2 Bg7 7. Nbd2 O-O 8. O-O Re8 9. c4 e6 10. Qc2 a6 11. Rfe1 b5 12. Rad1 Bb7 13. e4 dxe4 14. Nxe4 Nxe4 15. Qxe4 Qa5 16. Bd6 Qxa2 17. Ra1 Qxb3 18. Reb1 Qc3 19. Bb4 Nf6 20. Qf4 Qc2 21. Bf1 a5 22. Rc1 Qf5 23. Qxf5 gxf5 24. Bxa5 bxc4 25. Bxc4 Nd5 26. Bd2 Rxa1 27. Rxa1 Ra8 28. Rxa8+ Bxa8 29. Kf1 Nb6 30. Bb3 Nd7 31. Ke2 Bb7 32. Bc4 c5 33. dxc5 Nxc5 34. Be3 Ne4 35. Ne1 Nc3+ 36. Kd2 h5 37. h4 Bf6 38. g3 Kg7 39. Nc2 Ne4+ 40. Kd1 e5 41. Be2 Kg6 42. Nb4 Be7 43. Nd3 f6 44. Kc2 Bd6 45. Kb3 Ba6 46. Nxe5+ fxe5 47. Bxa6 f4 48. gxf4 exf4 49. Bd4 Nd2+ 50. Kc2 Nf3 51. Bd3+ Kf7 52. Bc3 Nxh4 53. Kd1 f3 54. Be4 Ke6 55. Kd2 Be5 56. Ba5 Bd4 57. Bd8 Nf5 58. Bxf3 Ng7 59. Bc7 Bxf2 60. Ke2 Bd4 61. Bf4 Kf5 62. Bh6 Ne6 63. Bxh5 Be5 64. Bf3 Bg3 65. Be3 Ke5 66. Bg2 Ng7 67. Bh3 Nh5 68. Kf3 Be1 69. Bg4 Nf6 70. Bf4+ Kd5 71. Bf5 Bc3 72. Bd3 Be5 73. Bf5 Bxf4 74. Kxf4 1/2-1/2


[Site "https://www.chess.com"]

[Event "Titled Tuesday Blitz November 15 Early 2022"]
[White "Bethke, Richard"]
[Black "Parligras, Mircea-Emilian"]
[WhiteFideId "12959243"]
[BlackFideId "1204297"]
[WhiteElo "2369"]
[BlackElo "2507"]
[Result "0-1"]
[Round "06"]
[TimeControl "180+1"]
[Date "2022.11.16"]
[WhiteClock "0:00:08"]
[BlackClock "0:00:59"]

1. e4 c5 2. Nf3 e6 3. d4 cxd4 4. Nxd4 Nc6 5. Nc3 a6 6. Nxc6 bxc6 7. Bd3 d5 8. O-O Nf6 9. Qe2 Be7 10. e5 Nd7 11. f4 Nc5 12. Qg4 g6 13. Ne2 a5 14. Be3 Nxd3 15. cxd3 Ba6 16. Rfd1 c5 17. d4 h5 18. Qf3 Bxe2 19. Qxe2 c4 20. b3 cxb3 21. axb3 Qb6 22. Qd3 O-O 23. Ra4 Rab8 24. Rb1 Bb4 25. Bd2 Rfc8 26. h3 h4 27. Kh2 Qb5 28. Qe3 Rc2 29. Bxb4 axb4 30. Rc1 Qe2 31. Qg1 Rbc8 32. Rca1 Qe4 33. Rxb4 Qxf4+ 34. Kh1 Rc1 0-1


[Site "https://www.chess.com"]

[Event "Titled Tuesday Blitz November 15 Early 2022"]
[White "Biastoch, Bennet"]
[Black "Novikova, Galina"]
[WhiteFideId "12939889"]
[BlackFideId "4157095"]
[WhiteElo "2221"]
[BlackElo "1973"]
[Result "1-0"]
[Round "06"]
[TimeControl "180+1"]
[Date "2022.11.16"]
[WhiteClock "0:00:20"]
[BlackClock "0:00:11"]

1. Nf3 e6 2. g3 d5 3. Bg2 c6 4. d3 Nf6 5. O-O Be7 6. Nc3 O-O 7. e4 b6 8. Bf4 Bb7 9. e5 Nfd7 10. a4 a6 11. h4 c5 12. Ne2 Nc6 13. c3 b5 14. d4 cxd4 15. Nexd4 Nxd4 16. Nxd4 bxa4 17. Qxa4 Nc5 18. Qc2 Rc8 19. Ra2 Ne4 20. Rfa1 Qb6 21. Qe2 h6 22. Be3 Qc7 23. Bf4 Bc5 24. Bxe4 dxe4 25. Nc2 e3 26. fxe3 Qc6 27. Kh2 Qe4 28. Ra4 Qc6 29. Nd4 Qd5 30. Ra5 Qd7 31. Qg4 Kh8 32. Qh5 Qd5 33. Qe2 Qd7 34. Qh5 Rfd8 35. Qe2 Bb6 36. Rxa6 Bxd4 37. exd4 Bxa6 38. Rxa6 Rb8 39. b4 Qc8 40. Ra7 Qxc3 41. Rxf7 Rxb4 42. Qg4 Rb2+ 43. Kh3 Rg8 44. Bxh6 gxh6 45. Qf4 Qd2 46. Qf6+ 1-0


[Site "https://www.chess.com"]

[Event "Titled Tuesday Blitz November 15 Early 2022"]
[White "Bluebaum, Matthias"]
[Black "Pakleza, Zbigniew"]
[WhiteFideId "24651516"]
[BlackFideId "1119290"]
[WhiteElo "2633"]
[BlackElo "2411"]
[Result "1/2-1/2"]
[Round "06"]
[TimeControl "180+1"]
[Date "2022.11.15"]
[WhiteClock "0:00:11"]
[BlackClock "0:00:04"]

1. d4 d5 2. c4 c6 3. Nc3 Nf6 4. Nf3 Qb6 5. Qc2 Na6 6. a3 g6 7. Bg5 Bf5 8. Qc1 Bg7 9. Bxf6 Bxf6 10. cxd5 Bxd4 11. Nxd4 Qxd4 12. e3 Qb6 13. e4 Bd7 14. Be2 Nc5 15. Qe3 Nb3 16. Qxb6 axb6 17. Rd1 c5 18. O-O Nd4 19. Rfe1 e5 20. dxe6 Bxe6 21. Nb5 Nxb5 22. Bxb5+ Ke7 23. f4 Rhd8 24. Kf2 Bb3 25. Rxd8 Rxd8 26. Ke3 Rd4 27. Re2 Bc4 28. Bxc4 Rxc4 29. Rd2 b5 30. Kf3 b4 31. axb4 Rxb4 32. e5 b5 33. Kg4 h6 34. h4 h5+ 35. Kg5 Rb3 36. f5 Rg3+ 37. Kh6 gxf5 38. Kxh5 Ke6 39. Kh6 c4 40. h5 Kxe5 41. Kh7 b4 42. h6 c3 43. bxc3 bxc3 44. Rf2 Kd4 45. Kh8 Kd3 46. h7 Rg5 47. Rf1 c2 48. g4 Kd2 49. Rf2+ Kc3 50. Rf3+ Kb2 51. Rf2 Kb1 52. Rxf5 Rxf5 53. gxf5 c1=Q 54. f6 Qf4 55. Kg7 Qg5+ 56. Kxf7 Qh6 57. Kg8 Qg6+ 58. Kh8 Qxf6+ 59. Kg8 Qg5+ 60. Kh8 Qe5+ 61. Kg8 Qg3+ 62. Kh8 Qh4 63. Kg8 Qd8+ 64. Kg7 Qe7+ 65. Kg8 Qxh7+ 66. Kxh7 1/2-1/2


[Site "https://www.chess.com"]

[Event "Titled Tuesday Blitz November 15 Early 2022"]
[White "Bortnyk, Olexandr"]
[Black "Jones, Gawain C B"]
[WhiteFideId "14120828"]
[BlackFideId "409561"]
[WhiteElo "2723"]
[BlackElo "2657"]
[Result "0-1"]
[Round "06"]
[TimeControl "180+1"]
[Date "2022.11.15"]
[WhiteClock "0:00:01"]
[BlackClock "0:00:04"]

1. e4 e5 2. Nf3 Nc6 3. Bb5 a6 4. Ba4 Nf6 5. Qe2 b5 6. Bb3 Bc5 7. c3 O-O 8. d3 h6 9. h3 d5 10. Nbd2 Be6 11. O-O Re8 12. Rd1 Bb6 13. Nf1 dxe4 14. dxe4 Qe7 15. Ng3 Bxb3 16. axb3 Na5 17. Ra3 Qe6 18. Qc2 Red8 19. Rxd8+ Rxd8 20. Kh2 Qd6 21. b4 Nc4 22. Rxa6 Qd1 23. Qxd1 Rxd1 24. b3 Rxc1 25. bxc4 bxc4 26. Nxe5 Bxf2 27. Ne2 Rc2 28. Nd4 Rxc3 29. Nf5 Nxe4 30. Rc6 Ng3 31. Ne7+ Kf8 32. Rxc7 Rc1 33. N7g6+ fxg6 34. Rf7+ Ke8 35. Rxf2 Nf1+ 36. Kg1 Ne3+ 37. Kh2 c3 38. Re2 Nf1+ 39. Kg1 Ng3+ 40. Kf2 Nxe2 41. Kxe2 c2 42. Kd2 Rg1 43. Kxc2 Rxg2+ 44. Kd3 Rg3+ 45. Kd4 Rxh3 46. b5 g5 47. b6 Kd8 48. Kc5 Kc8 49. Nf7 Rc3+ 50. Kb5 Rc1 51. Ka6 Ra1+ 52. Kb5 Rb1+ 53. Kc6 Rc1+ 54. Kb5 g4 55. Nd6+ Kb8 56. Nf5 h5 57. Ka6 Ra1+ 58. Kb5 Rf1 59. Nd4 Rb1+ 60. Ka6 Ra1+ 61. Kb5 g3 62. Nc6+ Ka8 63. Nd8 g2 64. Kc6 Rc1+ 0-1


[Site "https://www.chess.com"]

[Event "Titled Tuesday Blitz November 15 Early 2022"]
[White "Budrewicz, Krzysztof"]
[Black "Korelskiy, Egor"]
[WhiteFideId "1127950"]
[BlackFideId "34329064"]
[WhiteElo "2187"]
[BlackElo "2043"]
[Result "1/2-1/2"]
[Round "06"]
[TimeControl "180+1"]
[Date "2022.11.16"]
[WhiteClock "0:00:56"]
[BlackClock "0:00:40"]

1. d4 d5 2. c4 e6 3. Nc3 c6 4. Nf3 dxc4 5. g3 b5 6. Bg2 Bb7 7. O-O Nd7 8. e4 Ngf6 9. Re1 Be7 10. d5 cxd5 11. exd5 Nxd5 12. Nxb5 O-O 13. Qe2 Qb6 14. Nc3 Rac8 15. Bd2 N7f6 16. Ne5 Nxc3 17. bxc3 Bxg2 18. Kxg2 Rfd8 19. Be3 Qb7+ 20. Kg1 Nd5 21. Bd4 Bf6 22. Nxc4 Nxc3 23. Bxc3 Bxc3 24. Rab1 Qc7 25. Red1 Rxd1+ 26. Rxd1 h6 27. Ne3 Bf6 28. Ng4 Be7 29. h4 Bc5 30. Kg2 Qc6+ 31. f3 Bb6 32. Rd2 Qc1 33. Ne5 Qg1+ 34. Kh3 Qh1+ 35. Qh2 Qe1 36. Qe2 Qh1+ 37. Qh2 Qa1 38. Qe2 Qh1+ 1/2-1/2


[Site "https://www.chess.com"]

[Event "Titled Tuesday Blitz November 15 Early 2022"]
[White "Buksa, Nataliya"]
[Black "Ter-Sahakyan, Samvel"]
[WhiteFideId "14123622"]
[BlackFideId "13302531"]
[WhiteElo "2313"]
[BlackElo "2584"]
[Result "0-1"]
[Round "06"]
[TimeControl "180+1"]
[Date "2022.11.16"]
[WhiteClock "0:00:17"]
[BlackClock "0:00:33"]

1. d4 Nf6 2. Nc3 d5 3. Bf4 c5 4. e3 cxd4 5. exd4 a6 6. Nf3 Nc6 7. Be2 Bg4 8. O-O e6 9. Ne5 Bxe2 10. Nxe2 Bd6 11. Nxc6 bxc6 12. c3 O-O 13. b4 a5 14. a3 Ne4 15. Qd3 h6 16. f3 Nf6 17. Rfb1 Ra7 18. a4 Qc7 19. Bxd6 Qxd6 20. b5 cxb5 21. Rxb5 Rc8 22. Rab1 g6 23. Rb6 Rc6 24. Qb5 Rxb6 25. Qxb6 Qxb6 26. Rxb6 Kf8 27. Kf2 Ke7 28. Ke3 Ne8 29. Rc6 Nd6 30. Nf4 Nc4+ 31. Kf2 Kd7 32. Rc5 Nb6 33. Nd3 Nxa4 34. Ne5+ Kd6 35. Rc6+ Ke7 36. Ke3 f6 37. Rc8 fxe5 38. dxe5 Nb6 39. Rh8 Ra6 40. Rxh6 a4 41. Rxg6 a3 42. Rg7+ Kf8 43. Rg6 a2 44. h4 a1=Q 45. h5 Qxc3+ 46. Kf4 Ra4+ 47. Kg3 Qxe5+ 0-1


[Site "https://www.chess.com"]

[Event "Titled Tuesday Blitz November 15 Early 2022"]
[White "Buscar, Michael"]
[Black "Tan, Jun Ying"]
[WhiteFideId "2603616"]
[BlackFideId "5710413"]
[WhiteElo "2010"]
[BlackElo "2089"]
[Result "0-1"]
[Round "06"]
[TimeControl "180+1"]
[Date "2022.11.16"]
[WhiteClock "0:00:38"]
[BlackClock "0:01:43"]

1. d4 d5 2. c4 Bf5 3. Nc3 e6 4. Nf3 Nc6 5. Bf4 Nf6 6. e3 Bd6 7. Ne5 O-O 8. g4 Bg6 9. h4 h6 10. Nxg6 fxg6 11. Bxd6 Qxd6 12. c5 Qd7 13. Bd3 e5 14. Bxg6 exd4 15. Bf5 Qe7 16. Ne2 dxe3 17. f4 Qxc5 18. Rc1 Qa5+ 19. Kf1 Ne4 20. Bxe4 dxe4 21. Qb3+ Kh8 22. Qxb7 Qd2 23. f5 Nd4 24. Re1 Nxe2 25. Rxe2 Qd1+ 0-1


[Site "https://www.chess.com"]

[Event "Titled Tuesday Blitz November 15 Early 2022"]
[White "Calcada, Lucas Galvan"]
[Black "Rose, Felix"]
[WhiteFideId "22746099"]
[BlackFideId "5105722"]
[WhiteElo "1523"]
[BlackElo "2039"]
[Result "0-1"]
[Round "06"]
[TimeControl "180+1"]
[Date "2022.11.16"]
[WhiteClock "0:00:05"]
[BlackClock "0:00:14"]

1. e4 e5 2. Nf3 Nc6 3. Bb5 a6 4. Ba4 Nf6 5. d3 b5 6. Bb3 Bc5 7. c3 Bb7 8. O-O h6 9. d4 exd4 10. cxd4 Bb6 11. e5 Ne4 12. Re1 Na5 13. Bc2 Ng5 14. Nbd2 Qe7 15. Qe2 Nc6 16. d5 Nb4 17. d6 cxd6 18. exd6 Qxe2 19. Rxe2+ Kd8 20. Nxg5 hxg5 21. Nf1 f6 22. Bf5 Re8 23. Be3 Bc5 24. Bxc5 Rxe2 25. Bxb4 Rxb2 26. Bc3 Re2 27. Bg6 Be4 28. Ba5+ Kc8 29. Rc1+ Kb8 30. Bxe4 Rxe4 31. Ne3 Ra4 32. Bb6 Rxa2 33. Nd5 Rd2 34. Nc7 Rxd6 35. Nxa8 Kxa8 36. Be3 a5 37. Ra1 a4 38. Rb1 Rd5 39. g3 Kb7 40. Kg2 Kc6 41. Kf3 a3 42. Ke4 f5+ 43. Kf3 g4+ 44. Ke2 g6 45. Rc1+ Kb7 46. Ra1 b4 47. Rb1 Rb5 48. Kd3 a2 49. Ra1 b3 50. Bd4 b2 51. Bxb2 Rxb2 0-1


[Site "https://www.chess.com"]

[Event "Titled Tuesday Blitz November 15 Early 2022"]
[White "Callejas Rojas, Francisco Miguel"]
[Black "Simonovic, Miroslav"]
[WhiteFideId "32072503"]
[BlackFideId "919152"]
[WhiteElo "2274"]
[BlackElo "2043"]
[Result "1-0"]
[Round "06"]
[TimeControl "180+1"]
[Date "2022.11.16"]
[WhiteClock "0:00:17"]
[BlackClock "0:00:01"]

1. d4 Nf6 2. c4 c5 3. d5 b5 4. cxb5 a6 5. b6 d6 6. Nc3 Nbd7 7. a4 a5 8. e4 Ba6 9. Bb5 Bxb5 10. b7 Rb8 11. axb5 Rxb7 12. Nf3 g6 13. O-O Bg7 14. Nd2 Ng4 15. Qxg4 Ne5 16. Qe2 O-O 17. Nc4 Nxc4 18. Qxc4 Qb6 19. Rb1 Rfb8 20. Bd2 Ra8 21. Ra1 a4 22. Rxa4 Rxa4 23. Qxa4 Bxc3 24. Bxc3 Qxb5 25. Qxb5 Rxb5 26. Ra1 f6 27. f3 Kf7 28. Ra7 Rb3 29. Kf2 h5 30. h4 g5 31. hxg5 fxg5 32. Ke3 Rb8 33. Kd3 Rg8 34. Ra1 h4 35. Ke3 Kg6 36. Kf2 Kh5 37. g3 g4 38. gxh4 gxf3 39. Rh1 Rf8 40. Rh3 Kg4 41. Rg3+ Kxh4 42. Rxf3 Rg8 43. Rf7 Re8 44. Rxe7 Rf8+ 45. Ke2 Kg4 46. Re6 Kf4 47. Kd3 Rg8 48. Rf6+ 1-0


[Site "https://www.chess.com"]

[Event "Titled Tuesday Blitz November 15 Early 2022"]
[White "Caruana, Fabiano"]
[Black "Ivic, Velimir"]
[WhiteFideId "2020009"]
[BlackFideId "950122"]
[WhiteElo "2847"]
[BlackElo "2625"]
[Result "1-0"]
[Round "06"]
[TimeControl "180+1"]
[Date "2022.11.15"]
[WhiteClock "0:00:56"]
[BlackClock "0:00:01"]

1. e4 c5 2. Nf3 Nc6 3. Bb5 e6 4. Bxc6 bxc6 5. b3 Ne7 6. d3 d6 7. e5 Nf5 8. Bb2 f6 9. exf6 gxf6 10. Nbd2 e5 11. Qe2 Rg8 12. O-O-O Be6 13. g4 Ne7 14. h3 Nd5 15. Kb1 Nf4 16. Qf1 Qe7 17. Nh4 h5 18. f3 O-O-O 19. Ne4 d5 20. Ng3 Qb7 21. Ng2 Nxg2 22. Qxg2 hxg4 23. fxg4 Bh6 24. Qf3 Bg5 25. Nf5 Kb8 26. Qf2 Qb6 27. Ba3 c4 28. Bc5 Qa6 29. dxc4 dxc4 30. Nd6 cxb3 31. axb3 Rd7 32. Ne4 Bd5 33. Nxg5 fxg5 34. Rhe1 Ka8 35. Kb2 Rb8 36. Ra1 Qb6 1-0


[Site "https://www.chess.com"]

[Event "Titled Tuesday Blitz November 15 Early 2022"]
[White "Chernomordik, Pavel"]
[Black "Adithya A Chullikkad"]
[WhiteFideId "2804530"]
[BlackFideId "45078734"]
[WhiteElo "2192"]
[BlackElo "2106"]
[Result "1-0"]
[Round "06"]
[TimeControl "180+1"]
[Date "2022.11.16"]
[WhiteClock "0:02:17"]
[BlackClock "0:02:28"]

1. e4 c6 2. Nc3 d5 3. Nf3 dxe4 4. Nxe4 g6 5. h4 Bg7 6. h5 Nf6 7. h6 Bf8 8. Ng3 Ng4 9. d4 Nd7 10. Bc4 Ndf6 11. Qe2 e6 12. Bg5 Be7 13. O-O-O Bd7 14. Ne5 Nxe5 15. Qxe5 Ng4 16. Qxh8+ 1-0


[Site "https://www.chess.com"]

[Event "Titled Tuesday Blitz November 15 Early 2022"]
[White "Chylewski, Patryk"]
[Black "Rangel, Daniel"]
[WhiteFideId "1186191"]
[BlackFideId "2124475"]
[WhiteElo "2192"]
[BlackElo "2225"]
[Result "1-0"]
[Round "06"]
[TimeControl "180+1"]
[Date "2022.11.16"]
[WhiteClock "0:00:05"]
[BlackClock "0:00:03"]

1. e4 c5 2. Nf3 g6 3. c3 Bg7 4. d4 cxd4 5. cxd4 d5 6. exd5 Nf6 7. Nc3 Nxd5 8. Be2 O-O 9. O-O Nc6 10. Bg5 Bg4 11. Re1 Nf6 12. d5 Nb4 13. Qa4 Bxf3 14. Bxf3 Nbxd5 15. Nxd5 Nxd5 16. Rad1 Nb6 17. Qh4 Qc7 18. Rxe7 Qc2 19. Rxb7 Qxb2 20. h3 Qxa2 21. Bf6 Qe6 22. Bxg7 Kxg7 23. Ra1 Qf6 24. Qxf6+ Kxf6 25. Rxb6+ axb6 26. Rxa8 Rxa8 27. Bxa8 Ke5 28. Kf1 f5 29. Ke2 g5 30. Kd3 h5 31. Bf3 g4 32. Bd1 gxh3 33. gxh3 h4 34. Ke3 b5 35. Kf3 b4 36. Ke3 Kf6 37. Kf4 Kg6 38. Bc2 Kf6 39. Bxf5 b3 40. Bb1 b2 41. Kg4 Ke5 42. f4+ Kf6 43. Kxh4 Kg7 44. Kg5 Kh8 45. f5 Kg7 46. f6+ Kf7 47. Ba2+ Kf8 48. Kg6 Ke8 49. Kg7 b1=Q 50. Bxb1 1-0


[Site "https://www.chess.com"]

[Event "Titled Tuesday Blitz November 15 Early 2022"]
[White "Ciuffoletti, Paolo"]
[Black "Nielsen, Viktor Haarmark"]
[WhiteFideId "807630"]
[BlackFideId "1444492"]
[WhiteElo "2143"]
[BlackElo "2345"]
[Result "1-0"]
[Round "06"]
[TimeControl "180+1"]
[Date "2022.11.16"]
[WhiteClock "0:00:07"]
[BlackClock "0:00:08"]

1. e4 c5 2. d4 cxd4 3. c3 Nf6 4. e5 Nd5 5. Qxd4 e6 6. Bc4 Nc7 7. Nf3 b6 8. Bg5 Be7 9. h4 Bb7 10. Nbd2 Nc6 11. Qg4 h5 12. Qg3 Bxg5 13. Nxg5 Na5 14. Bd3 Qe7 15. Nde4 Bxe4 16. Nxe4 Kf8 17. O-O-O Rb8 18. Nd6 b5 19. Be4 b4 20. c4 Ne8 21. b3 Nxd6 22. Rxd6 Nb7 23. Bxb7 Rxb7 24. Qf3 Rb8 25. Rhd1 Rd8 26. g3 g6 27. Qb7 Kg7 28. Rxd7 Rxd7 29. Rxd7 Qe8 30. Qxa7 Rf8 31. Qd4 Qa8 32. Kb2 Qf3 33. Qd2 Ra8 34. Rd3 Qc6 35. Qf4 Qc7 36. Rd6 Qa7 37. Qf6+ Kh7 38. Kc1 Qxa2 39. Qxf7+ Kh6 40. Qf4+ Kh7 41. Rd7+ 1-0


[Site "https://www.chess.com"]

[Event "Titled Tuesday Blitz November 15 Early 2022"]
[White "Clawitter, Craig"]
[Black "Koridze, Lile"]
[WhiteFideId "2023105"]
[BlackFideId "13612514"]
[WhiteElo "2203"]
[BlackElo "2050"]
[Result "0-1"]
[Round "06"]
[TimeControl "180+1"]
[Date "2022.11.16"]
[WhiteClock "0:00:05"]
[BlackClock "0:01:09"]

1. e4 c5 2. Nf3 d6 3. d4 cxd4 4. Nxd4 Nf6 5. Nc3 Nc6 6. Bc4 e6 7. Be3 Be7 8. Qe2 O-O 9. O-O-O a6 10. Bb3 Qc7 11. f4 b5 12. g4 b4 13. Nd5 exd5 14. Nf5 dxe4 15. Nxe7+ Qxe7 16. g5 Nd7 17. g6 hxg6 18. h4 Nc5 19. Bxc5 dxc5 20. h5 g5 21. h6 g6 22. Bd5 Bb7 23. Qe3 gxf4 24. Qxf4 Nd4 25. Bc4 Rad8 26. Rdg1 Kh7 27. Kb1 Nf3 28. Qg4 Nd2+ 0-1


[Site "https://www.chess.com"]

[Event "Titled Tuesday Blitz November 15 Early 2022"]
[White "Cruz, Jonathan"]
[Black "Wirig, Anthony"]
[WhiteFideId "3802124"]
[BlackFideId "615013"]
[WhiteElo "2406"]
[BlackElo "2487"]
[Result "0-1"]
[Round "06"]
[TimeControl "180+1"]
[Date "2022.11.16"]
[WhiteClock "0:00:05"]
[BlackClock "0:00:05"]

1. e4 c5 2. Nf3 e6 3. c3 Nf6 4. e5 Nd5 5. g3 Nc6 6. Bg2 d6 7. exd6 Bxd6 8. O-O O-O 9. d4 cxd4 10. Nxd4 Nxd4 11. Qxd4 Qb6 12. Qa4 Rd8 13. Nd2 Bd7 14. Qh4 Be7 15. Qg4 Nf6 16. Qh4 Bc6 17. Nc4 Qa6 18. Bxc6 Qxc6 19. Na5 Qb5 20. Nb3 Rac8 21. Be3 Rc4 22. Qh3 a5 23. Rab1 a4 24. Nd4 Qd5 25. Rbd1 Qa5 26. Rfe1 a3 27. Qf1 Rcc8 28. b4 Qh5 29. Qe2 Qh3 30. Qf1 Qxf1+ 31. Kxf1 Rxc3 32. Nb5 Rc2 33. Nxa3 Rxa2 34. Nc4 Re8 35. Na5 Bxb4 36. Ra1 Rxa5 37. Reb1 Rxa1 38. Rxa1 Bf8 39. Rb1 Rc8 40. Bb6 Nd5 41. Bd4 Rb8 42. Be5 Rc8 43. Rxb7 f6 44. Bd4 Rc7 45. Rb8 Kf7 46. Bb2 Bc5 47. Kg2 Ba7 48. Rb5 Bc5 49. Rb8 Be7 50. Rb5 h5 51. Rb8 Rc2 52. Bd4 Kg6 53. h4 e5 54. Ba7 Nb4 55. Rb7 Bd6 56. Rb6 Bc5 57. Rb5 Bxa7 58. Rxb4 Bxf2 59. Kh3 Bg1 60. Rb3 Rh2# 0-1


[Site "https://www.chess.com"]